 BcadrenCrawl: Boulder Brew version 0.05.31-22-geda828027a (webtiles) character file.

Game seed: 7426708982451663081, levelgen mode: deterministic

256 BR41ND34D the Gusty (level 5, -4/29 HPs) Silent Spectre Air Elementalist. Began on Oct 2, 2021. Slain by Duvessa ... wielding a +0 short sword (6 damage) ... on level 2 of the Dungeon. The game lasted 00:08:49 (918 turns).

BR41ND34D the Gusty (SSAE)                           Turns: 918, Time: 00:08:50

Health: -4/29      AC:  2    Str:  4    XL:     5 ^: 13
Magic:  3/13       EV: 16    Int: 19    God:
Gold:   105        SH:  0    Dex: 17    Spells: 10/11 levels left

rFire    . . .     Vision   .   f - +4 dagger
rCold    . . .     Gourm    .   (no weapon)
rNeg     + + +     Faith    .   a - +0 robe
rCorr    . . .     Spirit   .   (no helmet)
rPois    ∞         Reflect  .   (no cloak)
rElec    .         Harm     .   (no gloves)
MR       .....                  (no boots)
Stlth    +++.......             (no amulet)
HPRegen  0.19/turn              (no ring)
MPRegen  0.23/turn              (no ring)

@: silenced
A: silence aura 2, negative energy resistance 3, torment resistance,
unbreathing, petrification resistance, silent casting, insubstantial
a: no special abilities


You were on level 2 of the Dungeon.
You were not hungry.

You visited 1 branch of the dungeon, and saw 2 of its levels.

You collected 105 gold pieces.

Inventory:

Weapons
 f - a +4 dagger (weapon)
Armour
 a - a +0 robe (worn)
Potions
 b - a potion of curing
 d - 2 potions of amnesia
 e - a potion of agility


   Skills:
 + Level 1.5 Fighting
 + Level 3.5 Dodging
 + Level 3.9 Stealth
 * Level 3.6 Spellcasting
 * Level 5.3 Air Magic


You had 10 spell levels left.
You knew the following spells:

 Your Spells              Type           Power        Failure   Level  Hunger
a - Shock                 Air            23 (25)      2%          1    N/A

Your spell library contained the following spells:

 Spells                   Type           Power        Failure   Level  Hunger
 Static Discharge         Air            23 (100)     7%          3    N/A
 Swiftness                Chrm/Air       13 (100)     10%         2    N/A
 Airstrike                Air            23 (200)     21%         4    N/A
 Lightning Bolt           Air            23 (200)     47%         5    N/A

Dungeon Overview and Level Annotations

Branches:
Dungeon (2/8)

Altars:

Annotations:
D:2 Duvessa


Innate Abilities, Weirdness & Mutations

You are immune to poison.
You are surrounded by an aura of unnatural quiet.
You are immune to negative energy. (rN+++)
You are immune to unholy pain and torment.
You can survive without breathing.
You are immune to petrification.
You can communicate with gods and cast spells while silenced.
Your insubstantial form boosts your evasion and grants immunity to sticky flames, nets and constriction.


Message History

Duvessa is almost dead. (2/37) HP The kobold misses you (0).
Duvessa barely misses you (0). The kobold barely misses you (0).
You hit Duvessa but do no damage. You hit Duvessa (1).
Duvessa is almost dead. (1/37) HP Duvessa hits you with a +0 short sword (4).
Dowan misses you (0). The kobold misses you (0).
You hit Duvessa but do no damage. x2
Duvessa is almost dead. (1/37) HP The kobold splashes around in the water.
Dowan hits you with a +0 dagger (5).
Duvessa hits you with a +0 short sword (7)!
* * * LOW HITPOINT WARNING * * *
The kobold misses you (0).
You hit Dowan (3).
You kill Dowan!
Duvessa weeps, then rights herself and shakes her weapon.
Duvessa goes berserk!
Duvessa hits you with a +0 short sword (6).
You die...

##≈## ...≈# ..P≈≈ #≈##
...≈# ≈.≈≈≈P ##≈### ###
..≈# ≈≈≈≈≈≈P ##≈.###..
≈≈.# #≈≈≈≈P.
##..†#≈..##.≈# #..≈≈KP
#≈≈.###.≈...≈#
#.≈≈e≈.####..≈≈≈# #.<..#
..≈≈≈≈.#.###.).≈###.†.≈#
.≈≈≈≈≈≈†≈e@≈.≈.b......≈#
PP≈≈≈≈PP≈≈K)≈≈≈≈≈.≈≈≈≈.#
≈P≈≈≈≈≈≈≈≈..≈≈≈≈..≈≈≈≈.#
bPP≈P≈≈≈≈≈.≈≈≈≈≈≈≈≈≈≈≈.#
≈≈P≈≈≈≈≈≈≈.≈≈≈≈≈≈≈≈≈≈P≈#
≈b≈P≈≈≈≈≈≈≈..≈≈≈≈≈≈≈≈≈≈#
≈≈≈PPP≈≈≈≈≈≈.≈P≈≈...P≈.#
PP.≈[..≈.≈..≈≈..;.P?.#
#≈.#######≈#####


You could see Duvessa (berserk) and a kobold.

Vanquished Creatures
  A big kobold (D:2)
  Dowan (D:2)
  A jelly (D:2)
  4 giant cockroaches (D:1)
  2 cinder newts
  A worm (D:2)
  An ooze (D:1)
  A dart slug (D:1)
  2 leopard geckos (D:1)
  5 goblins (D:1)
  4 hobgoblins (D:1)
  3 ball pythons (D:1)
  5 bats (D:1)
  6 kobolds
  4 rats (D:1)
  9 withered plants (D:2)
50 creatures vanquished.

Vanquished Creatures (others)
  13 withered plants (D:2)
13 creatures vanquished.

Grand Total: 63 creatures vanquished

Notes
Turn   | Place    | Note
-------+----------+-------------------------------------------
     0 | D:1      | BR41ND34D the Silent Spectre Air Elementalist began the
                  | quest for the Orb.
     0 | D:1      | Reached XP level 1. HP: 10/10 MP: 6/6
    11 | D:1      | Reached XP level 2. HP: 16/16 MP: 3/8
    41 | D:1      | Reached skill level 4 in Air Magic
    41 | D:1      | Reached XP level 3. HP: 20/20 MP: 6/10
   256 | D:1      | Reached skill level 1 in Fighting
   256 | D:1      | Reached XP level 4. HP: 25/25 MP: 7/11
   832 | D:2      | Reached XP level 5. HP: 29/29 MP: 7/12
   896 | D:2      | Noticed Dowan
   897 | D:2      | Noticed Duvessa
   897 | D:2      | Identified the cursed amulet of Nemelex Xobeh's Envy {-Vis
                  | rF++ rC+ Dex-5, (Curse: *Drain Fragile)}
   911 | D:2      | Reached skill level 5 in Air Magic
   918 | D:2      | Killed Dowan
   918 | D:2      | Slain by Duvessa

Levels and vault maps discovered:
D:1:      dpeg_arrival_tiny_a, layout_cave_pools
D:2:      minmay_alternating_diamond, layout_sewer, elyvilon_niche, serial_park,
          minmay_lizard_pond, uniq_duvessa

Skill      XL: |  1  2  3  4  5 |
---------------+----------------+-----
Air Magic      | 4 5 |  5.3
Stealth        | 3 |  3.9
Fighting       | 1 |  1.5
Spellcasting   | 3 |  3.6
Dodging        | 3 |  3.5

Action                   |  1- 3 |  4- 6 || total
-------------------------+-------+-------++-------
Melee: Dagger            |       |    26 ||    26
       Unarmed           |       |    20 ||    20
 Cast: Shock             |    31 |    63 ||    94
Armor: Robe              |       |     1 ||     1
Dodge: Dodged            |       |    18 ||    18
